 Dungeon Crawl Stone Soup version 0.20.1-1-g8b1a95d (console) character file.

413 hilaritas the Slasher (level 6, -9/53 HPs)
             Began as a Draconian Berserker on Dec 9, 2017.
             Was a Believer of Trog.
             Mangled by an ogre
             ... wielding a +0 giant spiked club
              (30 damage)
             ... on level 4 of the Dungeon.
             The game lasted 00:08:37 (3592 turns).

hilaritas the Slasher (Draconian Berserker)         Turns: 3592, Time: 00:08:38

Health: -9/53      AC:  6    Str: 21    XL:     6   Next: 59%
Magic:  6/6        EV: 12    Int:  7    God:    Trog [**....]
Gold:   201        SH:  0    Dex: 11    Spells: 5/5 levels left

rFire    . . .     SeeInvis .   a - +1 falchion
rCold    . . .     Gourm    .   (no shield)
rNeg     . . .     Faith    .   (armour unavailable)
rPois    .         Spirit   .   (helmet restricted)
rElec    .         Reflect  .   (no cloak)
rCorr    .         Harm     .   (no gloves)
MR       +++..                  (no boots)
Stlth    ++........             (no amulet)
Regen    1.2/turn               x - ring of stealth
MPRegen  0.1/turn               u - ring of protection from magic

@: regenerating
A: unfitting armour, cold-blooded, AC +6
a: Berserk, Trog's Hand, Burn Spellbooks, Renounce Religion


You were on level 4 of the Dungeon.
You worshipped Trog.
Trog was pleased with you.
You were not hungry.

You visited 1 branch of the dungeon, and saw 4 of its levels.

You collected 201 gold pieces.

Inventory:

Hand Weapons
 a - a +1 falchion (weapon)
 j - a +0 short sword
Jewellery
 s - an uncursed ring of ice
 u - a ring of protection from magic (right hand)
 x - a ring of stealth (left hand)
Scrolls
 c - a scroll of identify
 d - a scroll of enchant weapon
 g - a scroll of fog
 p - 3 scrolls of remove curse
Potions
 e - a potion of heal wounds {unknown}
 l - a potion of invisibility {unknown}
 o - a potion of ambrosia {unknown}
 q - a potion of cancellation {unknown}
 t - a potion of mutation {unknown}
Comestibles
 b - 2 bread rations
 f - a chunk of flesh
 m - 2 meat rations
 n - 2 royal jellies
 r - 5 fruits


   Skills:
 + Level 4.5 Fighting
 * Level 7.0 Long Blades
 - Level 2.6 Dodging


You had 5 spell levels left.
You didn't know any spells.

Dungeon Overview and Level Annotations

Branches:
Dungeon (4/15)
 Temple: D:4-7

Altars:
Qazlal
Xom
The Shining One

Shops:
D:4 (


Innate Abilities, Weirdness & Mutations

Your plain brown scales are hard. (AC +6)
You cannot fit into any form of body armour.
You are cold-blooded and may be slowed by cold attacks.


Message History

Eating one of 2 chunks of flesh.
You eat one of the 2 chunks of flesh.
This raw flesh tastes terrible.
Found a glowing hunting sling.
Found two stone staircases leading down.
An ogre comes into view. It is wielding a giant spiked club.
Found a twisted amethyst amulet.
Found a bread ration.
The ogre shouts!
You hit the ogre.
The ogre is moderately wounded.
The ogre hits you with a giant spiked club!
You hit the ogre.
The ogre is moderately wounded.
The ogre hits you with a giant spiked club!!
Your skin crawls.
You feel resistant to hostile enchantments.
You feel somewhat more hungry.
The ogre hits you with a giant spiked club!!
Ouch! That really hurt!
You die...

...# ######.....8...
#..... #.###..#..
........# # ###.####
.........# ..... ##.
.........# #...### #..
......<..# ##..# #.#
.........###....######.#
%...%...)........(.....
#.....#...##.##..#..#
####.......###..........
......O@.#......####....
........##.###..###..###
....>......# #.###..##
.......##### #.###.##
....>". #.....# .......
####### #######


You could see an ogre.

Vanquished Creatures
  Sigmund (D:4)
  Natasha (thrice) (D:2)
  Terence (D:2)
  The ghost of broninjaking the Skirmisher, a weakling DsAK of Lugonu (D:3)
  6 adders
  3 worms (D:2)
  2 dart slugs (D:3)
  A leopard gecko (D:4)
  An orc (D:4)
  9 bats
  4 giant cockroaches
  8 goblins
  9 hobgoblins
  3 jackals (D:2)
  2 ball pythons
  2 frilled lizards
  8 kobolds
  6 rats
70 creatures vanquished.

Notes
Turn   | Place    | Note
-------+----------+-------------------------------------------
     0 | D:1      | hilaritas the Draconian Berserker began the quest for the Orb.
     0 | D:1      | Reached XP level 1. HP: 19/19 MP: 1/1
   200 | D:1      | Reached XP level 2. HP: 23/26 MP: 2/2
  1061 | D:2      | Reached XP level 3. HP: 21/33 MP: 3/3
  1254 | D:2      | Reached skill level 4 in Long Blades
  1589 | D:2      | Reached ** piety under Trog
  1767 | D:2      | Noticed Terence
  1775 | D:2      | Killed Terence
  1775 | D:2      | Reached XP level 4. HP: 40/40 MP: 4/4
  1884 | D:2      | Noticed Natasha
  1891 | D:2      | Killed Natasha
  1891 | D:2      | Reached skill level 5 in Long Blades
  1995 | D:2      | Noticed Natasha
  2002 | D:2      | Killed Natasha
  2002 | D:2      | Reached XP level 5. HP: 46/46 MP: 5/5
  2010 | D:2      | Noticed Natasha
  2023 | D:2      | Killed Natasha
  2296 | D:3      | Found a shimmering altar of Xom.
  2411 | D:2      | Found a stormy altar of Qazlal.
  2557 | D:3      | Noticed broninjaking's ghost (weakling DsAK)
  2749 | D:3      | Killed broninjaking's ghost
  3100 | D:4      | Reached skill level 6 in Long Blades
  3184 | D:4      | Noticed Sigmund
  3212 | D:4      | Killed Sigmund
  3212 | D:4      | Reached XP level 6. HP: 35/53 MP: 6/6
  3497 | D:4      | Found a glowing golden altar of the Shining One.
  3536 | D:4      | Found Piwustr Faukk's Weapon Shoppe.
  3569 | D:4      | Reached skill level 7 in Long Blades
  3592 | D:4      | Mangled by an ogre

Skill      XL: |  1  2  3  4  5  6 |
---------------+-------------------+-----
Long Blades    | 4 5 6 7 |  7.0
Fighting       | 4 |  4.5
Dodging        | |  2.6

Action                   |  1- 3 |  4- 6 || total
-------------------------+-------+-------++-------
Melee: Falchion          |   107 |   109 ||   216
       Tailslap          |    13 |    15 ||    28
Invok: Berserk           |     2 |     2 ||     4
       Trog's Hand       |       |     3 ||     3
  Use: Scroll            |       |     9 ||     9
 Stab: Sleeping          |     1 |       ||     1
  Eat: Chunk             |     4 |     8 ||    12
       Fruit             |       |     2 ||     2
Armor: Skin              |    29 |    24 ||    53
Dodge: Dodged            |    59 |    71 ||   130
       Rpst.: Falchion   |    20 |    27 ||    47
